 Dungeon Crawl Stone Soup version 0.29.0-4-gdea44cf6ec (webtiles) character file.

Game seed: 12228920417049442373

10603 qw the Severer (level 11, 0/102 HPs)
             Began as a Minotaur Berserker on Sept 9, 2022.
             Was a Priest of Trog.
             Slain by Sonja
             ... wielding a +2 short sword of distortion
              (18 damage)
             ... on level 1 of the Lair of Beasts.
             The game lasted 00:04:31 (10230 turns).

qw the Severer (Minotaur Berserker)                Turns: 10230, Time: 00:04:32

Health: 0/102      AC: 21    Str: 32    XL:     11   Next: 38%
Magic:  10/10      EV:  9    Int:  4    God:    Trog [***...]
Gold:   344        SH:  0    Dex: 10    Spells: 10/10 levels left

rFire   . . .      SeeInvis .   Y - +6 war axe (elec)
rCold   . . .      Faith    .   (no shield)
rNeg    . . .      Spirit   .   b - +0 plate armour
rPois   .          Reflect  .   m - +2 hat
rElec   .          Harm     .   (no cloak)
rCorr   .          Rampage  .   d - +0 pair of gloves
Will    .....                   (no boots)
Stlth   ..........              n - amulet of regeneration
HPRegen 1.07/turn               c - +4 ring of protection
MPRegen 0.12/turn               a - +6 ring of strength

@: lethally poisoned (0 -> -15), on berserk cooldown, slowed, very slow
A: horns 2, retaliatory headbutt
a: Renounce Religion, Berserk, Trog's Hand


You were on level 1 of the Lair of Beasts.
You worshipped Trog.
Trog was most pleased with you.
You visited 2 branches of the dungeon, and saw 10 of its levels.

You collected 465 gold pieces.
You spent 121 gold pieces at shops.


Innate Abilities, Weirdness & Mutations

You have a pair of horns on your head.
You reflexively headbutt those who attack you in melee.


   Skills:
 + Level 11.0 Fighting
 - Level 16.0 Axes
 - Level 2.4 Throwing
 - Level 9.2 Armour
 - Level 4.3 Dodging


You had 10 spell levels left.
You didn't know any spells.
Your spell library was empty.

Inventory:

Hand Weapons
 j - a +0 morningstar
 Y - a +6 war axe of electrocution (weapon)
Missiles
 e - 3 boomerangs (quivered)
Armour
 b - a +0 plate armour (worn)
 d - a +0 pair of gloves (worn)
 m - a +2 hat (worn)
Jewellery
 a - a +6 ring of strength (right hand)
 c - a +4 ring of protection (left hand)
 g - a ring of protection from fire
 n - an amulet of regeneration (around neck)
Scrolls
 f - 9 scrolls of identify
Potions
 h - a potion of curing
 i - a potion of mutation
 l - a potion of heal wounds

Dungeon Overview and Level Annotations

Branches:
Dungeon (9/15)             Temple (0/1) D:6            Lair (1/5) D:9
    Orc: D:9-12

Altars:
Cheibriados
Dithmenos
Elyvilon
Fedhas
Hepliaklqana
Makhleb
Nemelex Xobeh
Qazlal
Ru
Sif Muna
Trog
Uskayaw
Vehumet
Wu Jian
Xom
The Shining One

Shops:
D:1 (   D:5 *

Annotations:
Lair:1 Sonja


Message History

Sonja is lightly wounded.
You feel sick.
You are no longer poisoned.
Sonja gestures wildly while chanting.
Sonja blinks!
You start resting.
Sonja mumbles some strange words.
Sonja blinks!
Sonja is nearby!
Throw: 3 boomerangs
Press: ? - help, Q - select action Shift-Dir - straight line, f/p - Sonja You throw a boomerang.
The boomerang completely misses Sonja.
Sonja throws a curare-tipped dart.
The curare-tipped dart hits you.
You are poisoned.
You have difficulty breathing.
You feel as though you will be slow longer.
Throw: 3 boomerangs
Press: ? - help, Q - select action Shift-Dir - straight line, f/p - Sonja You throw a boomerang.
The boomerang barely misses Sonja.
You feel very sick.
Sonja says, "If only old Madame Brzewit could see me now!"
Sonja throws a curare-tipped dart.
The curare-tipped dart hits you.
You are more poisoned.
You have difficulty breathing.
You feel as though you will be slow longer.
10229 ||| DRINKING 2 potions of heal wounds.
You feel much better.
You feel very sick.
Sonja throws a curare-tipped dart.
The curare-tipped dart hits you.
You are more poisoned.
You have difficulty breathing.
You feel as though you will be slow longer.
You closely miss Sonja. Your headbutt misses Sonja.
Sonja is lightly wounded.
You feel extremely sick.
Sonja hits you with a +2 short sword of distortion.
Sonja hits you but does no damage. Space warps around you!
Sonja hits you with a +2 short sword of distortion.
Space warps horribly around you!!
You die...

. ##..[......# .
#....#.....# .
#..)..#....## .
###...........# .
.#####P#....#####.## .
.............#.#..#
...................
............K.......
................@.......
#.......................
#....##.#####...........
#....###..###....####.##
#....##....#.....# ...
#....##..........#. .
+....##.....P........
#....#.....##....#...
#....##....##........


You could see Sonja.

Vanquished Creatures
  2 two-headed ogres (D:8)
  Amaemon (Lair:1)
  Pikel (D:6)
  An orange demon (Lair:1)
  An unseen horror (D:6)
  3 kobold demonologists (D:9)
  2 komodo dragons (D:9)
  A hornet (D:8)
  Grinder (D:6)
  12 yaks (D:9)
  3 wyverns
  3 steam dragons
  A basilisk (D:9)
  Edmund (D:4)
  An acid dragon (D:9)
  2 water moccasins (D:6)
  3 orc warriors
  4 ice beasts
  2 black bears
  3 centaurs
  An ogre (D:6)
  2 lemures (D:6)
  2 phantoms
  3 kobold brigands (D:9)
  A bullfrog (D:8)
  A necrophage (D:6)
  2 scorpions (D:6)
  7 killer bees
  5 howler monkeys
  3 orc priests
  4 hounds
  3 jellies
  An iron imp (D:6)
  3 iguanas (D:4)
  5 orc wizards
  Ijyb (D:3)
  4 gnolls (D:2)
  9 adders
  2 shadow imps
  3 white imps
  3 ufetubi
  2 worms
  6 dart slugs
  27 orcs
  7 ball pythons
  8 endoplasms
  4 giant cockroaches
  8 goblins
  6 hobgoblins
  2 jackals (D:1)
  19 kobolds
  3 quokkas
  4 bats
  3 frilled lizards
  5 rats
217 creatures vanquished.

Notes
Turn   | Place    | Note
-------+----------+-------------------------------------------
     0 | D:1      | qw the Minotaur Berserker began the quest for the Orb.
     0 | D:1      | Reached XP level 1. HP: 19/19 MP: 0/0
     0 | D:1      | 0 ||| qw: Version: 0.1-a-113-g051387a
     0 | D:1      | 0 ||| qw: Game counter: 6998
     0 | D:1      | 0 ||| qw: Always use a shield: true
     0 | D:1      | 0 ||| qw: Do Orc after D:15 true
     0 | D:1      | 0 ||| qw: Do second Lair branch before Depths: true
     0 | D:1      | 0 ||| qw: Lair rune preference: random
     0 | D:1      | 0 ||| qw: Plans: Normal
     0 | D:1      | 0 ||| PLANNING D:1-11
    47 | D:1      | Reached skill level 4 in Axes
   165 | D:1      | Found Kidat's Weapon Boutique.
   167 | D:1      | Reached XP level 2. HP: 26/26 MP: 1/1
   178 | D:1      | 178 ||| SHOPLISTING +0 mace (42 gold, have 3).
   178 | D:1      | 178 ||| SHOPLISTING +0 war axe (49 gold, have 3).
   189 | D:1      | 189 ||| DROPPING +0 club.
   293 | D:1      | 293 ||| Stepping ~*~*~tactically~*~*~ (stealth).
   300 | D:1      | 300 ||| Stepping ~*~*~tactically~*~*~ (stealth).
   483 | D:1      | Reached skill level 5 in Axes
   608 | D:1      | Reached XP level 3. HP: 31/31 MP: 2/2
   777 | D:1      | Reached ** piety under Trog
   904 | D:1      | 904 ||| UPGRADING to +0 ring mail.
   914 | D:1      | 914 ||| DROPPING +0 animal skin.
   915 | D:1      | 915 ||| UPGRADING to +0 chain mail.
   925 | D:1      | 925 ||| DROPPING +0 ring mail.
   926 | D:1      | 926 ||| READING scroll labelled MENTABITHISK.
   927 | D:1      | 927 ||| READING 2 scrolls labelled EFAKEI LUEFUG.
   928 | D:1      | 928 ||| READING scroll labelled NEEFUNA FUHUOKK.
   931 | D:1      | 931 ||| READING scroll labelled WITOCS GOANISE.
  1032 | D:1      | 1032 ||| READING scroll labelled XIMUAXZURCH.
  1081 | D:2      | 1081 ||| Stepping ~*~*~tactically~*~*~ (stealth).
  1083 | D:2      | 1083 ||| Stepping ~*~*~tactically~*~*~ (hiding).
  1171 | D:2      | 1171 ||| INVOKING Berserk.
  1303 | D:2      | 1303 ||| INVOKING Berserk.
  1313 | D:2      | Reached skill level 6 in Axes
  1313 | D:2      | Reached XP level 4. HP: 39/39 MP: 3/3
  1439 | D:2      | 1439 ||| DROPPING +0 whip.
  1514 | D:2      | Found a faded altar of an unknown god.
  1792 | D:2      | 1792 ||| Stepping ~*~*~tactically~*~*~ (stealth).
  1793 | D:2      | 1793 ||| Stepping ~*~*~tactically~*~*~ (stealth).
  2045 | D:2      | 2045 ||| UPGRADING to +4 ring of protection.
  2046 | D:2      | 2046 ||| READING scroll labelled YGYORE LOAXU.
  2047 | D:2      | 2047 ||| DRINKING 2 golden potions.
  2048 | D:2      | 2048 ||| READING 3 scrolls of identify.
  2048 | D:2      | 2048 ||| IDENTIFYING lumpy orange potion
  2049 | D:2      | 2049 ||| READING 2 scrolls of identify.
  2049 | D:2      | 2049 ||| IDENTIFYING metallic sapphire potion
  2050 | D:2      | 2050 ||| DROPPING potion of berserk rage.
  2408 | D:3      | Found a shimmering altar of Xom.
  2422 | D:3      | Found a shadowy altar of Dithmenos.
  2456 | D:3      | Found a bloodstained altar of Trog.
  2456 | D:3      | Found a white marble altar of Elyvilon.
  2461 | D:3      | Found a hazy altar of Hepliaklqana.
  2608 | D:3      | Reached skill level 7 in Axes
  2608 | D:3      | Reached XP level 5. HP: 44/45 MP: 4/4
  2639 | D:3      | 2639 ||| Stepping ~*~*~tactically~*~*~ (stealth).
  2722 | D:3      | Noticed Ijyb
  2727 | D:3      | 2727 ||| INVOKING Berserk.
  2732 | D:3      | Killed Ijyb
  2861 | D:3      | 2861 ||| Stepping ~*~*~tactically~*~*~ (stealth).
  2877 | D:3      | Identified the +0 leather armour of the Flute {Str+5 Int-5}
  2920 | D:3      | 2920 ||| UPGRADING to +6 ring of strength.
  2957 | D:4      | Noticed Edmund
  2960 | D:4      | 2960 ||| STAIRDANCE
  2966 | D:4      | 2966 ||| INVOKING Berserk.
  2974 | D:4      | Killed Edmund
  2975 | D:4      | Reached skill level 8 in Axes
  2975 | D:4      | Reached XP level 6. HP: 47/52 MP: 5/5
  2975 | D:4      | 2975 ||| STAIRDANCE
  3084 | D:4      | 3084 ||| DROPPING +0 flail.
  3387 | D:4      | 3387 ||| INVOKING Berserk.
  3392 | D:4      | Reached skill level 9 in Axes
  3757 | D:4      | Found a hide-covered altar of Uskayaw.
  3791 | D:4      | Found a radiant altar of Vehumet.
  3880 | D:4      | 3880 ||| READING 6 scrolls of identify.
  3880 | D:4      | 3880 ||| IDENTIFYING glowing golden potion
  3881 | D:4      | 3881 ||| READING 5 scrolls of identify.
  3881 | D:4      | 3881 ||| IDENTIFYING bubbling blue potion
  3882 | D:4      | 3882 ||| READING 4 scrolls of identify.
  3882 | D:4      | 3882 ||| IDENTIFYING inky potion
  3883 | D:4      | 3883 ||| DROPPING potion of attraction.
  3884 | D:4      | 3884 ||| DROPPING potion of flight.
  3906 | D:5      | Entered Level 5 of the Dungeon
  3933 | D:5      | 3933 ||| Stepping ~*~*~tactically~*~*~ (stealth).
  3953 | D:5      | Reached XP level 7. HP: 60/60 MP: 6/6
  3955 | D:5      | Reached *** piety under Trog
  3969 | D:5      | 3969 ||| SWAPPING to +0 war axe.
  3970 | D:5      | 3970 ||| DROPPING +0 hand axe.
  4204 | D:5      | 4204 ||| Stepping ~*~*~tactically~*~*~ (hiding).
  4320 | D:5      | 4320 ||| INVOKING Berserk.
  4480 | D:5      | Found Zoemeta's Fire Supplies.
  4486 | D:5      | 4486 ||| SHOPLISTING +0 fire dragon scales (660 gold, have
                  | 188).
  4486 | D:5      | 4486 ||| BUYING +0 ring mail of fire resistance (121 gold).
  4486 | D:5      | Bought a +0 ring mail of fire resistance for 121 gold
                  | pieces
  4486 | D:5      | 4486 ||| SHOPLISTING ring of fire (275 gold, have 67).
  4486 | D:5      | 4486 ||| SHOPLISTING ring of protection from fire (275
                  | gold, have 67).
  4623 | D:5      | 4623 ||| Stepping ~*~*~tactically~*~*~ (hiding).
  4737 | D:5      | 4737 ||| UPGRADING to +1 hat.
  4742 | D:5      | 4742 ||| READING scroll labelled PYPUK LIHOY.
  4743 | D:5      | 4743 ||| READING 2 scrolls labelled NUPTIA UGAN.
  4744 | D:5      | 4744 ||| READING scroll labelled QOXZOPNORIU.
  4887 | D:5      | 4887 ||| READING 4 scrolls of identify.
  4887 | D:5      | 4887 ||| IDENTIFYING fuming sapphire potion
  4888 | D:5      | 4888 ||| DROPPING scroll of butterflies.
  4889 | D:5      | 4889 ||| DROPPING potion of brilliance.
  4928 | D:6      | 4928 ||| Stepping ~*~*~tactically~*~*~ (hiding).
  4931 | D:6      | 4931 ||| Stepping ~*~*~tactically~*~*~ (hiding).
  4940 | D:6      | 4940 ||| Stepping ~*~*~tactically~*~*~ (stealth).
  4951 | D:6      | 4951 ||| Stepping ~*~*~tactically~*~*~ (stealth).
  4961 | D:6      | Noticed a steam dragon
  4963 | D:6      | 4963 ||| Stepping ~*~*~tactically~*~*~ (cloud).
  4965 | D:6      | 4965 ||| INVOKING Berserk.
  4970 | D:6      | Killed a steam dragon
  4971 | D:6      | Reached skill level 10 in Axes
  5110 | D:6      | Reached skill level 3 in Armour
  5240 | D:6      | Noticed Pikel
  5246 | D:6      | 5246 ||| INVOKING Berserk.
  5253 | D:6      | Killed Pikel
  5254 | D:6      | Reached XP level 8. HP: 74/74 MP: 7/7
  5391 | D:6      | 5391 ||| INVOKING Berserk.
  5731 | D:6      | Noticed Grinder
  5731 | D:6      | Paralysed by Grinder for 4 turns
  5735 | D:6      | 5735 ||| INVOKING Trog's Hand.
  5737 | D:6      | 5737 ||| INVOKING Berserk.
  5740 | D:6      | Killed Grinder
  5741 | D:6      | Reached skill level 11 in Axes
  5885 | D:6      | Reached skill level 12 in Axes
  5960 | D:6      | 5960 ||| READING scroll labelled FYRGHE BIBISOLA.
  5961 | D:6      | 5961 ||| READING scroll labelled HUORAI CEPU.
  5962 | D:6      | 5962 ||| READING 5 scrolls of identify.
  5962 | D:6      | 5962 ||| IDENTIFYING sedimented purple potion
  5963 | D:6      | 5963 ||| DROPPING potion of lignification.
  5964 | D:6      | 5964 ||| READING scroll of teleportation.
  6096 | D:6      | Found a staircase to the Ecumenical Temple.
  6118 | D:6      | Found a snail-covered altar of Cheibriados.
  6198 | D:6      | Reached XP level 9. HP: 64/81 MP: 8/8
  6215 | D:6      | 6215 ||| FLEEEEING.
  6216 | D:6      | 6216 ||| FLEEEEING.
  6217 | D:6      | 6217 ||| FLEEEEING.
  6218 | D:6      | 6218 ||| FLEEEEING.
  6317 | D:6      | 6317 ||| Stepping randomly (stuck).
  6318 | D:6      | 6318 ||| Stepping randomly (stuck).
  6319 | D:6      | 6319 ||| Stepping randomly (stuck).
  6322 | D:6      | 6322 ||| Stepping randomly (stuck).
  6323 | D:6      | 6323 ||| Stepping randomly (stuck).
  6324 | D:6      | 6324 ||| Stepping randomly (stuck).
  6325 | D:6      | 6325 ||| Stepping randomly (stuck).
  6326 | D:6      | 6326 ||| Stepping randomly (stuck).
  6327 | D:6      | 6327 ||| Stepping randomly (stuck).
  6328 | D:6      | 6328 ||| Stepping randomly (stuck).
  6329 | D:6      | 6329 ||| Stepping randomly (stuck).
  6330 | D:6      | 6330 ||| Stepping randomly (stuck).
  6331 | D:6      | 6331 ||| Stepping randomly (stuck).
  6332 | D:6      | 6332 ||| Stepping randomly (stuck).
  6333 | D:6      | 6333 ||| Stepping randomly (stuck).
  6334 | D:6      | 6334 ||| Stepping randomly (stuck).
  6335 | D:6      | 6335 ||| Stepping randomly (stuck).
  6336 | D:6      | 6336 ||| Stepping randomly (stuck).
  6337 | D:6      | 6337 ||| Stepping randomly (stuck).
  6338 | D:6      | 6338 ||| Stepping randomly (stuck).
  6339 | D:6      | 6339 ||| Stepping randomly (stuck).
  6340 | D:6      | 6340 ||| Stepping randomly (stuck).
  6341 | D:6      | 6341 ||| Stepping randomly (stuck).
  6342 | D:6      | 6342 ||| Stepping randomly (stuck).
  6343 | D:6      | 6343 ||| Stepping randomly (stuck).
  6344 | D:6      | 6344 ||| Stepping randomly (stuck).
  6354 | D:6      | 6354 ||| Stepping randomly (stuck).
  6355 | D:6      | 6355 ||| Stepping randomly (stuck).
  6356 | D:6      | 6356 ||| Stepping randomly (stuck).
  6357 | D:6      | 6357 ||| Stepping randomly (stuck).
  6401 | D:6      | 6401 ||| Stepping randomly (stuck).
  6402 | D:6      | 6402 ||| Stepping randomly (stuck).
  6403 | D:6      | 6403 ||| Stepping randomly (stuck).
  6404 | D:6      | 6404 ||| Stepping randomly (stuck).
  6405 | D:6      | 6405 ||| Stepping randomly (stuck).
  6406 | D:6      | 6406 ||| Stepping randomly (stuck).
  6407 | D:6      | 6407 ||| Stepping randomly (stuck).
  6408 | D:6      | 6408 ||| Stepping randomly (stuck).
  6409 | D:6      | 6409 ||| Stepping randomly (stuck).
  6410 | D:6      | 6410 ||| Stepping randomly (stuck).
  6411 | D:6      | 6411 ||| Stepping randomly (stuck).
  6412 | D:6      | 6412 ||| Stepping randomly (stuck).
  6413 | D:6      | 6413 ||| Stepping randomly (stuck).
  6414 | D:6      | 6414 ||| Stepping randomly (stuck).
  6415 | D:6      | 6415 ||| Stepping randomly (stuck).
  6416 | D:6      | 6416 ||| Stepping randomly (stuck).
  6417 | D:6      | 6417 ||| Stepping randomly (stuck).
  6418 | D:6      | 6418 ||| Stepping randomly (stuck).
  6419 | D:6      | 6419 ||| Stepping randomly (stuck).
  6420 | D:6      | 6420 ||| Stepping randomly (stuck).
  6421 | D:6      | 6421 ||| Stepping randomly (stuck).
  6422 | D:6      | 6422 ||| Stepping randomly (stuck).
  6423 | D:6      | 6423 ||| Stepping randomly (stuck).
  6424 | D:6      | 6424 ||| Stepping randomly (stuck).
  6425 | D:6      | 6425 ||| Stepping randomly (stuck).
  6426 | D:6      | 6426 ||| Stepping randomly (stuck).
  6427 | D:6      | 6427 ||| Stepping randomly (stuck).
  6428 | D:6      | 6428 ||| Stepping randomly (stuck).
  6429 | D:6      | 6429 ||| Stepping randomly (stuck).
  6431 | D:6      | 6431 ||| INVOKING Berserk.
  6491 | D:6      | 6491 ||| Stepping randomly (stuck).
  6492 | D:6      | 6492 ||| Stepping randomly (stuck).
  6493 | D:6      | 6493 ||| Stepping randomly (stuck).
  6494 | D:6      | 6494 ||| Stepping randomly (stuck).
  6495 | D:6      | 6495 ||| Stepping randomly (stuck).
  6496 | D:6      | 6496 ||| Stepping randomly (stuck).
  6497 | D:6      | 6497 ||| Stepping randomly (stuck).
  6498 | D:6      | 6498 ||| Stepping randomly (stuck).
  6499 | D:6      | 6499 ||| Stepping randomly (stuck).
  6500 | D:6      | 6500 ||| Stepping randomly (stuck).
  6501 | D:6      | 6501 ||| Stepping randomly (stuck).
  6502 | D:6      | 6502 ||| Stepping randomly (stuck).
  6503 | D:6      | 6503 ||| Stepping randomly (stuck).
  6504 | D:6      | 6504 ||| Stepping randomly (stuck).
  6505 | D:6      | 6505 ||| Stepping randomly (stuck).
  6506 | D:6      | 6506 ||| Stepping randomly (stuck).
  6507 | D:6      | 6507 ||| Stepping randomly (stuck).
  6508 | D:6      | 6508 ||| Stepping randomly (stuck).
  6509 | D:6      | 6509 ||| Stepping randomly (stuck).
  6510 | D:6      | 6510 ||| Stepping randomly (stuck).
  6511 | D:6      | 6511 ||| Stepping randomly (stuck).
  6512 | D:6      | 6512 ||| Stepping randomly (stuck).
  6513 | D:6      | 6513 ||| Stepping randomly (stuck).
  6514 | D:6      | 6514 ||| Stepping randomly (stuck).
  6515 | D:6      | 6515 ||| Stepping randomly (stuck).
  6516 | D:6      | 6516 ||| Stepping randomly (stuck).
  6517 | D:6      | 6517 ||| Stepping randomly (stuck).
  6518 | D:6      | 6518 ||| Stepping randomly (stuck).
  6519 | D:6      | 6519 ||| Stepping randomly (stuck).
  6520 | D:6      | 6520 ||| Stepping randomly (stuck).
  6521 | D:6      | 6521 ||| Stepping randomly (stuck).
  6522 | D:6      | 6522 ||| Stepping randomly (stuck).
  6523 | D:6      | 6523 ||| Stepping randomly (stuck).
  6524 | D:6      | 6524 ||| Stepping randomly (stuck).
  6525 | D:6      | 6525 ||| Stepping randomly (stuck).
  6526 | D:6      | 6526 ||| Stepping randomly (stuck).
  6527 | D:6      | 6527 ||| Stepping randomly (stuck).
  6528 | D:6      | 6528 ||| Stepping randomly (stuck).
  6529 | D:6      | 6529 ||| Stepping randomly (stuck).
  6530 | D:6      | 6530 ||| Stepping randomly (stuck).
  6531 | D:6      | 6531 ||| Stepping randomly (stuck).
  6532 | D:6      | 6532 ||| Stepping randomly (stuck).
  6533 | D:6      | 6533 ||| Stepping randomly (stuck).
  6534 | D:6      | 6534 ||| Stepping randomly (stuck).
  6535 | D:6      | 6535 ||| Stepping randomly (stuck).
  6536 | D:6      | 6536 ||| Stepping randomly (stuck).
  6537 | D:6      | 6537 ||| Stepping randomly (stuck).
  6538 | D:6      | 6538 ||| Stepping randomly (stuck).
  6539 | D:6      | 6539 ||| Stepping randomly (stuck).
  6540 | D:6      | 6540 ||| Stepping randomly (stuck).
  6552 | D:6      | 6552 ||| INVOKING Berserk.
  6562 | D:6      | Reached skill level 13 in Axes
  6719 | D:6      | 6719 ||| Stepping randomly (stuck).
  6721 | D:6      | 6721 ||| Stepping randomly (stuck).
  6722 | D:6      | 6722 ||| Stepping randomly (stuck).
  6723 | D:6      | 6723 ||| Stepping randomly (stuck).
  6724 | D:6      | 6724 ||| Stepping randomly (stuck).
  6742 | D:6      | 6742 ||| INVOKING Berserk.
  6746 | D:6      | Reached skill level 3 in Dodging
  6883 | D:6      | Killed an unseen horror
  6935 | D:6      | 6935 ||| DROPPING +1 vorpal flail.
  6938 | D:6      | 6938 ||| SWAPPING to +5 war axe of electrocution.
  6939 | D:6      | 6939 ||| DROPPING +0 war axe of freezing.
  6942 | D:6      | 6942 ||| READING scroll labelled IMEITIU NUOJUW.
  6943 | D:6      | 6943 ||| READING 2 scrolls labelled CEPTEIRE RICO.
  6944 | D:6      | 6944 ||| READING scroll of enchant armour.
  6944 | D:6      | 6944 ||| ENCHANTING +1 hat.
  6945 | D:6      | 6945 ||| READING 4 scrolls of identify.
  6945 | D:6      | 6945 ||| IDENTIFYING smoky brown potion
  6946 | D:6      | 6946 ||| DROPPING potion of ambrosia.
  7147 | D:7      | 7147 ||| INVOKING Berserk.
  7149 | D:7      | Reached skill level 14 in Axes
  7175 | D:7      | 7175 ||| FLEEEEING.
  7176 | D:7      | 7176 ||| FLEEEEING.
  7177 | D:7      | 7177 ||| FLEEEEING.
  7178 | D:7      | 7178 ||| FLEEEEING.
  7208 | D:7      | Found a stormy altar of Qazlal.
  7217 | D:7      | Found an ornate altar of the Wu Jian Council.
  7218 | D:7      | Found a blossoming altar of Fedhas.
  7220 | D:7      | Found a shimmering blue altar of Sif Muna.
  7220 | D:7      | Found a glowing golden altar of the Shining One.
  7221 | D:7      | Found a sparkling altar of Nemelex Xobeh.
  7223 | D:7      | Found a sacrificial altar of Ru.
  7233 | D:7      | Identified the +5 trident of Hantuefa {venom, rPois rC-
                  | rN++}
  7342 | D:7      | 7342 ||| Stepping ~*~*~tactically~*~*~ (stealth).
  7348 | D:7      | 7348 ||| Stepping ~*~*~tactically~*~*~ (cloud).
  7349 | D:7      | 7349 ||| INVOKING Berserk.
  7526 | D:8      | Noticed a two-headed ogre
  7527 | D:8      | 7527 ||| INVOKING Berserk.
  7529 | D:8      | Killed a two-headed ogre
  7530 | D:8      | Reached XP level 10. HP: 88/88 MP: 9/9
  7712 | D:8      | Noticed a two-headed ogre
  7714 | D:8      | Reached skill level 15 in Axes
  7717 | D:8      | 7717 ||| INVOKING Berserk.
  7719 | D:8      | Killed a two-headed ogre
  7720 | D:8      | Reached skill level 9 in Fighting
  7878 | D:8      | 7878 ||| Stepping ~*~*~tactically~*~*~ (hiding).
  7882 | D:8      | 7882 ||| INVOKING Berserk.
  8088 | D:8      | 8088 ||| INVOKING Berserk.
  8466 | D:8      | 8466 ||| UPGRADING to +0 plate armour.
  8476 | D:8      | 8476 ||| DROPPING +0 chain mail.
  8477 | D:8      | 8477 ||| DROPPING +0 ring mail of fire resistance.
  8478 | D:8      | 8478 ||| UPGRADING to amulet of regeneration.
  8483 | D:8      | 8483 ||| READING scroll labelled CUTHRO FAMINAICK.
  8497 | D:9      | 8497 ||| Stepping ~*~*~tactically~*~*~ (stealth).
  8498 | D:9      | 8498 ||| Stepping ~*~*~tactically~*~*~ (stealth).
  8505 | D:9      | Reached skill level 6 in Armour
  8515 | D:9      | 8515 ||| INVOKING Berserk.
  8633 | D:9      | Found a burning altar of Makhleb.
  8661 | D:9      | 8661 ||| Stepping ~*~*~tactically~*~*~ (stealth).
  8668 | D:9      | 8668 ||| Stepping ~*~*~tactically~*~*~ (stealth).
  8675 | D:9      | 8675 ||| Stepping ~*~*~tactically~*~*~ (hiding).
  8779 | D:9      | 8779 ||| Stepping ~*~*~tactically~*~*~ (stealth).
  8782 | D:9      | Reached skill level 16 in Axes
  8848 | D:9      | 8848 ||| Stepping ~*~*~tactically~*~*~ (hiding).
  8850 | D:9      | 8850 ||| Stepping ~*~*~tactically~*~*~ (hiding).
  8852 | D:9      | 8852 ||| Stepping ~*~*~tactically~*~*~ (hiding).
  8854 | D:9      | 8854 ||| Stepping ~*~*~tactically~*~*~ (hiding).
  9050 | D:9      | 9050 ||| INVOKING Berserk.
  9056 | D:9      | Reached XP level 11. HP: 55/99 MP: 10/10
  9243 | D:9      | Noticed a sun demon
  9249 | D:9      | 9249 ||| INVOKING Berserk.
  9436 | D:9      | 9436 ||| INVOKING Berserk.
  9547 | D:9      | 9547 ||| FLEEEEING.
  9548 | D:9      | 9548 ||| FLEEEEING.
  9550 | D:9      | 9550 ||| FLEEEEING.
  9553 | D:9      | 9553 ||| FLEEEEING.
  9589 | D:9      | 9589 ||| INVOKING Berserk.
  9602 | D:9      | 9602 ||| Stepping ~*~*~tactically~*~*~ (stealth).
  9756 | D:9      | Found a staircase to the Lair.
 10046 | D:9      | 10046 ||| PLANNING LAIR
 10046 | D:9      | 10046 ||| UPGRADING to +0 pair of gloves.
 10051 | D:9      | 10051 ||| READING scroll labelled ZUQATE SIOKI.
 10144 | Lair:1   | Entered Level 1 of the Lair of Beasts
 10194 | Lair:1   | Noticed Amaemon
 10195 | Lair:1   | Noticed Sonja
 10198 | Lair:1   | 10198 ||| INVOKING Berserk.
 10203 | Lair:1   | Killed Amaemon
 10207 | Lair:1   | Reached skill level 9 in Armour
 10210 | Lair:1   | HP: 14/102 [asphyx]
 10211 | Lair:1   | 10211 ||| DRINKING 2 potions of curing.
 10211 | Lair:1   | 10211 ||| (to cure poison)
 10214 | Lair:1   | 10214 ||| DRINKING 3 potions of heal wounds.
 10220 | Lair:1   | HP: 25/102 [poisoned by Sonja (curare-tipped dart)]
 10228 | Lair:1   | HP: 24/102 [asphyx]
 10229 | Lair:1   | 10229 ||| DRINKING 2 potions of heal wounds.
 10230 | Lair:1   | Slain by Sonja

Levels and vault maps discovered:
D:1:      onia_arrival_pyramid, layout_loops_corners, serial_shops,
          nicolae_shop_crystal
D:2:      layout_loops_ring, basic_ecumenical_altar
D:3:      layout_basic, minitemple, uniq_ijyb
D:4:      layout_cave_pools, kennysheep_mini_moat, nicolae_vehumet_altar_sigil,
          nicolae_titane, uniq_edmund
D:5:      corexii_shack_village, layout_basic, nicolae_shop_fire_sale
          [nicolae_sub_dead_trees]
D:6:      kennysheep_windowed_halls, layout_cave_pools, slow_altar_2,
          minmay_temple_entry_poolview, chequers_serial_rivers_micro_a,
          uniq_grinder, uniq_pikel
D:7:      layout_cave_pools, nicolae_overflow_hallway_of_the_gods
D:8:      layout_rooms, st_stairs_6
D:9:      wad_crossroads, layout_basic, mainiacjoe_overflow_boulevard,
          erik_lair_dragon
Lair:1:   layout_regular_city, serial_bayou_shore_b, serial_bayou_shore_b,
          uniq_amaemon, uniq_fannar, uniq_sonja

Skill      XL: |  1  2  3  4  5  6  7  8  9 10 11 |
---------------+----------------------------------+-----
Axes           | 4 5 6 7 8 9 10 12 14 16 | 16.0
Fighting       | 4 8 10 11 | 11.0
Armour         | 3 4 5 8 9 |  9.2
Dodging        | 3 4 |  4.3
Throwing       | 2 |  2.4

Action                   |  1- 3 |  4- 6 |  7- 9 | 10-12 || total
-------------------------+-------+-------+-------+-------++-------
Melee: Hand axe          |    60 |   124 |     2 |       ||   186
       Headbutt          |     8 |    19 |    24 |    19 ||    70
       Punch             |       |     1 |     1 |     1 ||     3
       War axe           |       |       |   155 |   146 ||   301
       Unarmed           |       |       |    11 |       ||    11
Throw: Boomerang         |       |       |       |     8 ||     8
Invok: Berserk           |     2 |     3 |    11 |     9 ||    25
       Trog's Hand       |       |       |     1 |       ||     1
  Use: Scroll            |     5 |     6 |    12 |     2 ||    25
       Potion            |       |     1 |       |     3 ||     4
Armor: Animal skin       |     8 |       |       |       ||     8
       Chain mail        |    10 |    39 |    82 |     8 ||   139
       Plate armour      |       |       |       |    44 ||    44
Dodge: Dodged            |    25 |    46 |    70 |    40 ||   181

Table legend:
 A = Non-vault XP
 B = Vault XP
 C = Vault XP percentage of total XP
 D = Non-vault monster count
 E = Vault monster count
 F = Vault count percentage of total count
                 A         B        C        D         E       F
            +---------+---------+-------+---------+---------+-------
      Total |    9158 |    5990 |  39.5 |     168 |      47 |  21.9
            +---------+---------+-------+---------+---------+-------
        D:1 |      51 |       0 |   0.0 |      25 |       0 |   0.0
        D:2 |     117 |       0 |   0.0 |      23 |       0 |   0.0
        D:3 |      61 |      33 |  35.1 |      18 |       1 |   5.3
        D:4 |     281 |     181 |  39.2 |       9 |       1 |  10.0
        D:5 |     125 |      20 |  13.8 |       6 |       9 |  60.0
        D:6 |     722 |    2836 |  79.7 |      14 |      23 |  62.2
        D:7 |     446 |       0 |   0.0 |       7 |       0 |   0.0
        D:8 |    2703 |     179 |   6.2 |      23 |       2 |   8.0
        D:9 |    4652 |    1574 |  25.3 |      43 |       9 |  17.3
     Lair:1 |       0 |    1167 | 100.0 |       0 |       2 | 100.0
            +---------+---------+-------+---------+---------+-------
